 Dungeon Crawl Stone Soup version 0.28.0-45-g0d030f2227 (webtiles) character file.

Game seed: 14692318324604552085

2597 hawla the Digger (level 9, -14/70 HPs)
             Began as a Deep Elf Earth Elementalist on Apr 18, 2022.
             Was an Initiate of Vehumet.
             Demolished by Maggie
             ... wielding a +0 long sword of distortion
              (15 damage)
             ... on level 7 of the Dungeon.
             The game lasted 00:37:48 (9209 turns).

hawla the Digger (Deep Elf Earth Elementalist)      Turns: 9209, Time: 00:37:49

Health: -14/70     AC: 24    Str:  9    XL:     9   Next: 33%
Magic:  10/21      EV:  2    Int: 23    God:    Vehumet [......]
Gold:   369        SH:  5    Dex: 15    Spells: 12/22 levels left

rFire   + . .      SeeInvis +   o - +0 rapier
rCold   + . .      Faith    .   r - +0 buckler
rNeg    . . .      Spirit   .   (armour currently unavailable)
rPois   +          Reflect  .   (helmet currently unavailable)
rElec   +          Harm     .   (cloak currently unavailable)
rCorr   +          Rampage  .   (gloves currently unavailable)
Will    +....      NoTele   +   (boots currently unavailable)
Stlth   +++.......              (no amulet)
HPRegen 0.21/turn               e - ring of see invisible
MPRegen 0.17/turn               a - ring of poison resistance

@: tree-form, resistant, studying Throwing
A: stationary, stasis, torment immunity, boosted hp, (cold resistance 1),
strong-willed 1, strong 1
a: Renounce Religion


You were on level 7 of the Dungeon.
You worshipped Vehumet.
Vehumet was noncommittal.
You were a tree.
You visited 1 branch of the dungeon, and saw 8 of its levels.
You also visited: Ossuary.

You collected 369 gold pieces.

Inventory:

Hand Weapons
 h - a +1 dagger of electrocution
 o - a +0 rapier (weapon)
Missiles
 c - 97 stones
 j - a boomerang (quivered)
 B - 2 javelins
 C - 2 throwing nets
Armour
 b - a +0 robe (melded)
 f - a +0 helmet (melded)
 l - the +0 pair of boots of Kaamempu (melded) {Str+3}
   (You found it on level 3 of the Dungeon)

   Str:       It affects your strength (+3).
 n - a +0 cloak (melded)
 p - a +0 pair of gloves (melded)
 r - a +0 buckler (worn)
Jewellery
 a - a ring of poison resistance (right branch)
 e - a ring of see invisible (left branch)
 t - an amulet of the acrobat
Wands
 i - a wand of flame (14)
 z - a wand of paralysis (11)
 A - a wand of mindburst (10)
Scrolls
 d - a scroll of blinking
 g - 2 scrolls of fog
 k - a scroll of vulnerability
 m - 2 scrolls of teleportation
Potions
 q - 3 potions of attraction
 s - a potion of might
 u - a potion of magic
 D - a potion of lignification


   Skills:
 - Level 1.0 Fighting
 + Level 2.4 Short Blades
 - Level 1.0 Staves
 + Level 1.0 Throwing
 - Level 4.0 Dodging
 - Level 4.0 Stealth
 - Level 4.0 Shields
 - Level 7.0 Spellcasting
 - Level 4.0 Conjurations
 - Level 6.0 Necromancy
 - Level 2.0 Transmutations
 + Level 7.4 Earth Magic
 - Level 2.0 Evocations


You had 12 spell levels left.
You knew the following spells:

 Your Spells              Type           Power      Damage    Failure   Level
a - Sandblast             Erth           84%        2d18      1%          1
b - Passwall              Tmut/Erth      24%        N/A       2%          2
c - Stone Arrow           Conj/Erth      68%        3d11      2%          3
d - Dispel Undead         Necr           35%        3d15      9%          4

Your spell library contained the following spells:

 Spells                   Type           Power      Damage    Failure   Level
 Beastly Appendage        Tmut           34%        N/A       4%          1
 Corpse Rot               Necr/Air       42%        N/A       4%          2
 Wereblood                Tmut           17%        N/A       6%          2
 Petrify                  Tmut/Erth      29%        N/A       14%         4
 Spider Form              Tmut/Pois      12%        N/A       19%         3
 Death Channel            Necr           17%        N/A       77%         6


Dungeon Overview and Level Annotations

Branches:
Dungeon (8/15)             Temple (0/1) D:4         Ossuary (visited)
   Lair: D:8-11

Altars:
Kikubaaqudgha
Okawaru
Ru
Uskayaw
Vehumet
Xom

Shops:
D:4 (

Annotations:
D:7 Maggie


Innate Abilities, Weirdness & Mutations

You are a tree.
Your roots penetrate the ground, keeping you stationary.
You cannot be teleported.
You are immune to unholy pain and torment.
Your maximum health is greatly increased.
Your equipment is partially melded.
((Your flesh is cold resistant. (rC+)))
You are strong-willed. (Will+)
Your muscles are strong. (Str +2)


Message History

Maggie smiles, but it's obviously fake.
Maggie points at you and mumbles some strange words.
The bolt of fire hits you!!
Ouch! That really hurt!
You climb upwards.
You feel sick.
There is a stone staircase leading down here.
Casting: Stone Arrow (dangerous; 2% risk of failure)
Confirm with . or Enter, or press ? or * to list all spells.
Aiming: Stone Arrow (dangerous; 2% risk of failure)
Press: ? - help, Shift-Dir - straight line, f - Maggie
Aim: Maggie, wielding a +0 long sword of distortion and wearing +0 steam dragon scales (moderately wounded, 74% to hit)
The stone arrow hits Maggie!!
Maggie is heavily wounded.
You feel sick.
Maggie hits you with a +0 long sword of distortion!
* * * LOW HITPOINT WARNING * * *
Space warps around you.
* * * LOW HITPOINT WARNING * * *
It was a potion of resistance.
You feel protected.
You feel sick.
You are no longer poisoned.
Maggie barely misses you.
It was a potion of lignification.
You turn into a tree.
Your +0 cloak melds into your body.
Your +0 helmet melds into your body.
Your +0 pair of gloves melds into your body.
The +0 pair of boots of Kaamempu {Str+3} melds into your body.
Your +0 robe melds into your body.
Your roots penetrate the ground.
Maggie gestures wildly while chanting.
Maggie attempts to bespell you!
You easily resist.
Casting: Stone Arrow (mildly dangerous; 2% risk of failure)
Confirm with . or Enter, or press ? or * to list all spells.
Aiming: Stone Arrow (mildly dangerous; 2% risk of failure)
Press: ? - help, Shift-Dir - straight line, f/p - Maggie
Aim: Maggie, wielding a +0 long sword of distortion and wearing +0 steam dragon scales (heavily wounded, 74% to hit)
The stone arrow misses Maggie.
Maggie hits you with a +0 long sword of distortion.
* * * LOW HITPOINT WARNING * * *
Space warps horribly around you!
You die...

# ## .## #.##
.#.##### #......#
.#####.#
######.###########
...............@♣#
################.#
# #.# #.# #.#
###########.#
#...........#
#.#########.# #.#
#.#


You could see Maggie.

Vanquished Creatures
  Grinder (D:4)
  Eustachio (D:4)
  2 sky beasts (D:7)
  An ice beast (D:5)
  2 black bears
  2 necrophages (D:5)
  3 ogres
  3 elf zombies (Ossuary)
  A bullfrog (D:6)
  2 scorpions (D:5)
  A water moccasin skeleton (D:7)
  3 crimson imps (D:3)
  4 centaur zombies (Ossuary)
  5 human zombies (Ossuary)
  2 hounds
  A jelly (D:5)
  Crazy Yiuf (D:3)
  An orc priest (D:5)
  Jessica (D:3)
  3 iguanas (D:5)
  2 orc wizards
  2 killer bee zombies (D:7)
  A hound skeleton (D:3)
  4 mummies
  4 gnolls (D:7)
  3 adders
  A shadow imp (D:6)
  A white imp (D:5)
  2 dart slugs (D:1)
  11 orcs
  3 ball pythons
  5 endoplasms
  5 giant cockroaches
  7 goblins
  6 hobgoblins
  4 jackals (D:2)
  A quokka (D:2)
  4 bats
  5 frilled lizards
  6 kobolds
  2 kobold zombies (D:7)
  3 rats
122 creatures vanquished.

Vanquished Creatures (others)
  4 withered plants (D:1)
4 creatures vanquished.

Grand Total: 126 creatures vanquished

Notes
Turn   | Place    | Note
-------+----------+-------------------------------------------
     0 | D:1      | hawla the Deep Elf Earth Elementalist began the quest for
                  | the Orb.
     0 | D:1      | Reached XP level 1. HP: 10/10 MP: 6/6
   135 | D:1      | Found a faded altar of an unknown god.
   225 | D:1      | Reached XP level 2. HP: 5/15 MP: 6/8
   768 | D:1      | You fall into a shaft and drop 1 floor!
  1140 | D:2      | Reached XP level 3. HP: 19/19 MP: 6/9
  1225 | D:2      | Learned a level 2 spell: Passwall
  1943 | D:3      | Noticed Jessica
  1952 | D:3      | Found a shimmering altar of Xom.
  1967 | D:3      | Found a hide-covered altar of Uskayaw.
  1974 | D:3      | Reached XP level 4. HP: 23/24 MP: 1/12
  2144 | D:2      | Learned a level 3 spell: Stone Arrow
  2225 | D:3      | Reached skill level 5 in Earth Magic
  2225 | D:3      | Reached XP level 5. HP: 28/28 MP: 7/14
  2249 | D:3      | Killed Jessica
  2250 | D:3      | Reached skill level 5 in Spellcasting
  2751 | D:3      | Identified the +0 pair of boots of Kaamempu {Str+3}
  2954 | D:3      | Found a runed translucent door.
  2955 | D:3      | Noticed Crazy Yiuf
  3038 | D:3      | Killed Crazy Yiuf
  3123 | D:4      | Noticed Eustachio
  3743 | D:4      | Reached XP level 6. HP: 19/32 MP: 13/16
  3905 | D:4      | Killed Eustachio
  3906 | D:4      | Reached skill level 1 in Conjurations
  3906 | D:4      | Reached skill level 1 in Throwing
  4011 | D:4      | Found a staircase to the Ecumenical Temple.
  4210 | D:4      | Noticed Grinder
  4213 | D:4      | Found Qunoeggo's Antique Weapon Boutique.
  4217 | D:4      | Killed Grinder
  4218 | D:4      | Reached skill level 1 in Fighting
  4218 | D:4      | Reached skill level 1 in Short Blades
  4218 | D:4      | Reached skill level 1 in Staves
  4218 | D:4      | Reached skill level 1 in Evocations
  4218 | D:4      | Reached XP level 7. HP: 38/38 MP: 5/18
  4382 | D:5      | Entered Level 5 of the Dungeon
  4507 | D:5      | Learned a level 4 spell: Dispel Undead
  4624 | D:5      | Reached skill level 1 in Shields
  4624 | D:5      | Reached skill level 1 in Necromancy
  5326 | D:5      | Reached XP level 8. HP: 43/43 MP: 15/19
  6170 | D:5      | Found an ancient bone altar of Kikubaaqudgha.
  6519 | D:6      | Found an iron altar of Okawaru.
  7485 | D:7      | Reached skill level 5 in Necromancy
  7500 | D:7      | Found a sand-covered staircase.
  7645 | Ossuary  | Entered an ossuary
  7978 | Ossuary  | Reached XP level 9. HP: 42/47 MP: 15/21
  8608 | D:7      | Found a radiant altar of Vehumet.
  8641 | D:7      | Found a sacrificial altar of Ru.
  8674 | D:7      | Became a worshipper of Vehumet
  9190 | D:8      | Gained mutation: You are strong-willed. (Will+) [potion of
                  | mutation]
  9190 | D:8      | Gained mutation: Your muscles are strong. (Str +2) [potion
                  | of mutation]
  9190 | D:8      | Gained mutation: Your flesh is cold resistant. (rC+)
                  | [potion of mutation]
  9194 | D:8      | Noticed Maggie
  9209 | D:7      | HP: 1/70 [Maggie/+0 long sword of distortion (6)]
  9209 | D:7      | Demolished by Maggie

Illustrated notes

Levels and vault maps discovered:
D:1:      eino_arrival_tree_alley, layout_rooms,
          ebering_ecumenical_altar_petrified
D:2:      layout_basic
D:3:      layout_rooms, led_xom_imps, mainiacjoe_overflow_catwalk,
          uniq_crazy_yiuf_cottage, uniq_jessica
D:4:      layout_basic, minmay_temple_entry_butterflies, serial_shops, shop,
          uniq_grinder, uniq_eustachio
D:5:      layout_basic, nicolae_overflow_crystal_walls
D:6:      layout_loops_corners, okawaru_trees_2, corner_web_ring
D:7:      layout_loops_ring, nicolae_ru_awakened_eye, fiery_altar_vehumet,
          nicolae_ossuary_entry_giza, minmay_manual_moon
D:8:      layout_rooms, nicolae_wu_jian_immortal_techniques, dk_vineyard_2,
          uniq_maggie

Skill      XL: |  1  2  3  4  5  6  7  8  9 |
---------------+----------------------------+-----
Earth Magic    | 4 5 6 7 |  7.4
Spellcasting   | 4 5 6 7 |  7.0
Dodging        | 3 4 |  4.0
Stealth        | 4 |  4.0
Conjurations   | 1 2 4 |  4.0
Transmutations | 2 |  2.0
Throwing       | 1 |  1.0
Fighting       | 1 |  1.0
Short Blades   | 1 2 |  2.4
Staves         | 1 |  1.0
Evocations     | 1 2 |  2.0
Shields        | 2 4 |  4.0
Necromancy     | 2 5 6 |  6.0

Action                   |  1- 3 |  4- 6 |  7- 9 || total
-------------------------+-------+-------+-------++-------
Melee: Unarmed           |     3 |     3 |       ||     6
       Dagger            |       |    11 |       ||    11
       Punch             |       |     1 |       ||     1
       Rapier            |       |     3 |    22 ||    25
       Quarterstaff      |       |     2 |       ||     2
Throw: Boomerang         |       |       |     8 ||     8
 Cast: Sandblast         |    58 |    32 |    35 ||   125
       Passwall          |     4 |     8 |    17 ||    29
       Stone Arrow       |       |    26 |    56 ||    82
       Dispel Undead     |       |       |    30 ||    30
Evoke: Wand              |       |       |     7 ||     7
  Use: Scroll            |       |     4 |    10 ||    14
       Potion            |       |     1 |     6 ||     7
 Stab: Sleeping          |       |       |     1 ||     1
Armor: Robe              |    11 |    16 |    29 ||    56
Dodge: Dodged            |    30 |    22 |    52 ||   104
Block: Buckler           |       |       |    26 ||    26
